 Dungeon Crawl Stone Soup version 0.18.1-48-g4cf74bf (webtiles) character file.

92 Kisielow the Slasher (level 4, 0/39 HPs)
             Began as a Minotaur Chaos Knight on June 25, 2016.
             Succumbed to their own toxic radiance
             ... on level 2 of the Dungeon.
             The game lasted 00:02:11 (887 turns).

Kisielow the Slasher (Minotaur Chaos Knight)         Turns: 887, Time: 00:02:11

Health: 0/39       AC:  5    Str: 18    XL:     4   Next: 35%
Magic:  3/3        EV: 16    Int:  9    God:    Xom [..*...]
Gold:   97         SH:  0    Dex: 14    Spells: 0 memorised, 3 levels left

rFire  . . .     SeeInvis .     a - +0 falchion (chaos)
rCold  . . .     Gourm    .     b - +2 leather armour
rNeg   . . .     Faith    .     (no shield)
rPois  .         Spirit   .     (helmet restricted)
rElec  .         Dismiss  .     (no cloak)
rCorr  .         Reflect  .     (no gloves)
SustAt .         Harm     .     (no boots)
MR     .....                    (no amulet)
Stlth  ++........               (no ring)
                                (no ring)

@: agile, lethally poisoned (0 -> -1), not resistant to hostile enchantments,
unstealthy
A: retaliatory headbutt, horns 2
a: Renounce Religion


You were on level 2 of the Dungeon.
You worshipped Xom.
You were a toy of Xom.
You were not hungry.

You visited 1 branch of the dungeon, and saw 2 of its levels.

You collected 97 gold pieces.

Inventory:

Hand Weapons
 a - a +0 falchion of chaos (weapon)
Armour
 b - a +2 leather armour (worn)
Scrolls
 d - a scroll of blinking {unknown}
 e - a scroll of recharging {unknown}
 g - a scroll of enchant armour {unknown}
 i - a scroll of identify {unknown}
Comestibles
 c - a bread ration
 f - a beef jerky


   Skills:
 - Level 3.6 Fighting
 + Level 6.3 Long Blades
 - Level 2.4 Armour
 - Level 1.1 Dodging


You had 3 spell levels left.
You didn't know any spells.

Dungeon Overview and Level Annotations

Branches:
Dungeon (2/15)

Altars:


Innate Abilities, Weirdness & Mutations

You reflexively headbutt those who attack you in melee.
You have a pair of horns on your head.


Message History

You feel sick.
Things that are here:
2 chunks of flesh; a gnoll skeleton
* * * LOW HITPOINT WARNING * * *
You feel sick.
You see here a scroll labeled KIMALI UKHOE.
Items here: % ))) a club; a whip; a club; 4 chunks of flesh
* * * LOW HITPOINT WARNING * * *
You feel sick.
Items here: % ))) a club; a whip; a club; 4 chunks of flesh You see here a scroll labeled KIMALI UKHOE.
There is a lethal amount of poison in your body!
* * * LOW HITPOINT WARNING * * *
You feel sick.
* * * LOW HITPOINT WARNING * * *
You feel sick.
You die...
Xom chuckles heartily!

#)# ### #.######.###### .)#
#.#....#.#....# #.#
#.#.##.#.#..... ###?####
#.#.......).#.. ....$.#
#.#..#.#....... # #.##.#
#.#.†#.#...###.
.##.#.#....###.#..#.#....<#.
.......$.%.@)...............
#.###.#....###.##...#..#..##
........# #.##.###..(....
...#.#........##.# #.######
..# #.###.#.#####.# #.# . #
#.#.# #.# #. ..#.# ..# ∆
###.. ...# ∆ ....#


There were no monsters in sight!

Vanquished Creatures
  Natasha (D:2)
  4 gnolls (D:2)
  2 dart slugs
  A bat (D:2)
  2 giant cockroaches (D:1)
  5 hobgoblins
  2 jackals (D:1)
  A giant newt (D:1)
  5 kobolds
  3 rats
26 creatures vanquished.

Notes
Turn   | Place    | Note
--------------------------------------------------------------
     0 | D:1      | Kisielow the Minotaur Chaos Knight began the quest for the Orb.
     0 | D:1      | Reached XP level 1. HP: 19/19 MP: 0/0
   101 | D:1      | Reached skill level 4 in Long Blades
   213 | D:1      | Reached XP level 2. HP: 18/26 MP: 1/1
   517 | D:1      | XOM: medium Erth miscast
   838 | D:2      | Noticed Natasha
   838 | D:2      | XOM: divination: detect items
   839 | D:2      | Reached skill level 5 in Long Blades
   839 | D:2      | Reached XP level 3. HP: 31/31 MP: 2/2
   856 | D:2      | XOM: cast spell 'Olgreb's Toxic Radiance'
   858 | D:2      | Killed Natasha
   858 | D:2      | Reached skill level 6 in Long Blades
   858 | D:2      | Reached XP level 4. HP: 8/39 MP: 3/3
   879 | D:2      | HP: 1/39 [poisoned by you (toxic radiance)]
   887 | D:2      | Succumbed to their own toxic radiance

Skill      XL: |  1  2  3 |
---------------+----------+-----
Long Blades    | 4 5 6 |  6.3
Fighting       | |  3.6
Armour         | |  2.4
Dodging        | |  1.1

Action                   |  1- 3 |  4- 6 || total
-------------------------+-------+-------++-------
Melee: Falchion          |    52 |     2 ||    54
       Headbutt          |     8 |     1 ||     9
  Use: Potion            |     1 |       ||     1
Armor: Leather armour    |    18 |       ||    18
Dodge: Dodged            |    30 |       ||    30
